[Event "Team 45 45 League T49"]
[Site "Internet Chess Club"]
[Date "2011.06.11"]
[Round "5"]
[White "Risto"]
[Black "MichaelJames"]
[Result "1-0"]
[WhiteElo "1298"]
[BlackElo "1315"]
[Opening "Scotch: Schmidt variation"]
[ECO "C45"]
[Time "02:00:29"]
[TimeControl "2700+45"]

1. e4 e5 2. Nf3 Nc6 3. d4 exd4 4. Nxd4 Nf6 5. Bg5 Be7 6. Nc3 O-O 7. Nxc6 bxc6 8.
Bd3 d6 9. h3 a5 10. O-O Be6 11. Qf3 Qd7 12. Rad1 Ne8 13. Bf4 Qc8 14. e5 d5 15.
b3 Bf5 16. Rfe1 Bxd3 17. Qxd3 Bb4 18. Re3 Qa6 19. Qd2 f6 20. e6 Bd6 21. Bxd6
Nxd6 22. e7 Rfe8 23. Rde1 Nf5 24. R3e2 Kf7 25. Qf4 Nxe7 26. Qxc7 Ra7 27. Rxe7+
Rxe7 28. Rxe7+ Kg6 29. Rxg7+ Kf5 30. Qxa7 {Black resigns} 1-0

[Event "Team 45 45 League T49"]
[Site "Internet Chess Club"]
[Date "2011.06.11"]
[Round "5"]
[White "Conjurer"]
[Black "Fogbound"]
[Result "1-0"]
[WhiteElo "1308"]
[BlackElo "1328"]
[Opening "English: Anglo-Dutch defense"]
[ECO "A10"]
[Time "14:02:17"]
[TimeControl "2700+45"]

1. c4 f5 2. Nc3 Nf6 3. g3 e6 4. Bg2 Bb4 5. Nf3 O-O 6. O-O Nc6 7. d4 Bxc3 8. bxc3
d5 9. cxd5 Qxd5 10. Bf4 Qd8 11. Ne5 Nd5 12. Nxc6 bxc6 13. Be5 Ba6 14. Qd2 Qe7
15. Rab1 Rab8 16. Qc2 Rb6 17. Rb3 Bc4 18. Rxb6 cxb6 19. Rb1 Qa3 20. Qd2 Nxc3 21.
Qg5 Rf7 22. Qd8+ Rf8 23. Qg5 Nxb1 24. Qxg7# {Black checkmated} 1-0

[Event "Team 45 45 League T49"]
[Site "Internet Chess Club"]
[Date "2011.06.11"]
[Round "5"]
[White "badmove"]
[Black "OOB1"]
[Result "1-0"]
[WhiteElo "1761"]
[BlackElo "1488"]
[Opening "Alekhine's defense"]
[ECO "B07"]
[Time "16:01:50"]
[TimeControl "2700+45"]

1. e4 Nf6 2. Nc3 d6 3. d4 e6 4. f4 Nc6 5. Nf3 d5 6. e5 Ne4 7. g3 Bb4 8. Qd3 Bd7
9. Bg2 f5 10. Be3 Qe7 11. a3 Nxc3 12. axb4 Ne4 13. c3 a6 14. b5 Nb8 15. bxa6
bxa6 16. Nd2 c5 17. Nxe4 dxe4 18. Qc4 cxd4 19. cxd4 Bb5 20. Qc8+ Qd8 21. Qxe6+
Qe7 22. Qc8+ Qd8 23. Qxf5 Nc6 24. Qe6+ Qe7 25. Qxe7+ Nxe7 26. Bxe4 Rc8 27. Rc1
O-O 28. Kf2 Rcd8 29. Rc7 Nd5 30. Bxd5+ Rxd5 31. Rhc1 Rd7 32. Rxd7 Bxd7 33. d5
Bb5 34. d6 Kf7 35. Rc7+ Ke6 36. Rxg7 {Black resigns} 1-0

[Event "Team 45 45 League T49"]
[Site "Internet Chess Club"]
[Date "2011.06.12"]
[Round "5"]
[White "MateIn42"]
[Black "drsigmund1"]
[Result "0-1"]
[WhiteElo "1399"]
[BlackElo "1477"]
[Opening "Scotch game"]
[ECO "C45"]
[Time "17:03:51"]
[TimeControl "2700+45"]

1. e4 e5 2. Nf3 Nc6 3. d4 exd4 4. Nxd4 Bc5 5. Nxc6 Qf6 6. f3 bxc6 7. Bd2 Ne7 8.
Bc3 Qg6 9. Nd2 d5 10. Qe2 O-O 11. O-O-O a5 12. Nb3 Bb6 13. exd5 Nxd5 14. Qd3 Bf5
15. Qe2 Rfe8 16. Qc4 Ne3 17. Qf4 Nxd1 18. Kxd1 Bxc2+ {White resigns} 0-1

[Event "Team 45 45 League T49"]
[Site "Internet Chess Club"]
[Date "2011.06.10"]
[Round "5"]
[White "dabodhi"]
[Black "reverendjim"]
[Result "0-1"]
[WhiteElo "1213"]
[BlackElo "1345"]
[Opening "Torre attack (Tartakower variation)"]
[ECO "D03"]
[Time "21:00:56"]
[TimeControl "2700+45"]

1. d4 d5 2. Nf3 Nf6 3. Bg5 Nbd7 4. e3 h6 5. Bf4 Nh5 6. Bg3 Nxg3 7. hxg3 Nf6 8.
Bd3 Bg4 9. c3 e6 10. Nbd2 c6 11. Qc2 Bxf3 12. Nxf3 Qb6 13. Ne5 Bd6 14. f4 Bxe5
15. fxe5 Nd7 16. O-O-O c5 17. Qa4 cxd4 18. exd4 a6 19. Rdf1 Qc7 20. Qc2 b5 21.
Bg6 O-O 22. Bh7+ Kh8 23. Rf4 b4 24. Rhf1 Nb6 25. Bd3 bxc3 26. Qxc3 Qxc3+ 27.
bxc3 Kg8 28. Rg4 a5 29. Rh1 f5 30. exf6 Rxf6 31. Kd2 Nc4+ 32. Ke2 Rb8 33. a4
Rb2+ 34. Ke1 Ne3 35. Rg6 Kf7 36. Rxf6+ Kxf6 37. Rh2 Ra2 38. Bb5 Kg5 {White
forfeits on time} 0-1

[Event "Team 45 45 League T49"]
[Site "Internet Chess Club"]
[Date "2011.06.11"]
[Round "5"]
[White "houseofcook"]
[Black "bhandelman"]
[Result "0-1"]
[WhiteElo "1371"]
[BlackElo "1155"]
[Opening "Scotch opening"]
[ECO "C44"]
[Time "09:05:10"]
[TimeControl "2700+45"]

1. e4 e5 2. Nf3 Nc6 3. d4 Bd6 4. Bc4 Nf6 5. dxe5 Nxe5 6. Nxe5 Bxe5 7. O-O c6 8.
f4 Qb6+ 9. Kh1 Bxb2 10. Bxb2 Qxb2 11. Nd2 d5 12. exd5 cxd5 13. Qe1+ Be6 14. Bb3
O-O 15. Rb1 Qc3 16. Rf3 Qc5 17. Ba4 b6 18. Rb5 Qd6 19. Rb2 Bd7 20. Bxd7 Qxd7 21.
Nb3 Rfe8 22. Qd2 Qe7 23. Re3 Qxe3 24. Qxe3 Rxe3 25. Rb1 Rae8 26. h3 Re1+ 27.
Rxe1 Rxe1+ 28. Kh2 Re2 29. Nd4 Rf2 30. Kg3 Ne4+ 31. Kh2 Rxf4 32. Nc6 a5 33. Ne7+
Kh8 34. Nxd5 Rf2 35. Nxb6 Rxc2 36. a4 Ra2 37. h4 Nc5 38. Kh3 Nxa4 39. Nc4 Rc2
40. Nxa5 Rc3+ 41. g3 f6 42. Nb7 g5 43. hxg5 fxg5 44. Nd6 Nc5 45. Nf7+ Kg7 46.
Nxg5 h6 47. Kh4 hxg5+ 48. Kxg5 Rxg3+ 49. Kf4 Rd3 50. Ke5 Rd7 51. Kf5 Re7 52. Kg4
Kg6 53. Kf4 Re4+ 54. Kf3 Kf5 55. Kg3 Rf4 56. Kh3 Ne4 57. Kg2 Kg4 58. Kh2 Rf2+
59. Kg1 Kg3 {White resigns} 0-1

[Event "Team 45 45 League T49"]
[Site "Internet Chess Club"]
[Date "2011.06.11"]
[Round "5"]
[White "pestka"]
[Black "Morovon23"]
[Result "1/2-1/2"]
[WhiteElo "2362"]
[BlackElo "2312"]
[Opening "English opening"]
[ECO "A05"]
[Time "22:03:41"]
[TimeControl "2700+45"]

1. Nf3 Nf6 2. c4 g6 3. Nc3 d5 4. cxd5 Nxd5 5. Qa4+ Bd7 6. Qh4 Bc6 7. Ne5 Bg7 8.
Nxc6 Nxc6 9. e3 O-O 10. Be2 e6 11. Qxd8 Rfxd8 12. Nxd5 exd5 13. d4 Re8 14. Kd1
Ne7 15. Bd2 c6 16. Bb4 f5 17. Bd6 Kf7 18. h3 {Game drawn by mutual agreement}
1/2-1/2

[Event "Team 45 45 League T49"]
[Site "Internet Chess Club"]
[Date "2011.06.14"]
[Round "5"]
[White "MikeA"]
[Black "Jack-ONeill"]
[Result "1-0"]
[WhiteElo "2198"]
[BlackElo "1993"]
[Opening "Two knights defense (Modern bishop's opening)"]
[ECO "C55"]
[Time "15:01:00"]
[TimeControl "2700+45"]

1. e4 e5 2. Nf3 Nc6 3. Bc4 Nf6 4. d3 Be7 5. O-O O-O 6. Re1 d6 7. Nbd2 Kh8 8. h3
Ng8 9. Nb3 f5 10. Bd2 f4 11. d4 Bf6 12. d5 Nce7 13. Qe2 g5 14. Bc3 Qe8 15. Nbd2
h5 16. Nh2 Qg6 17. Qd3 g4 18. hxg4 hxg4 19. a3 Rf7 20. Ndf1 Rh7 21. a4 Qh5 22.
Qe2 Ng6 23. Bd2 Nh4 24. Ra3 Ne7 25. Qd1 Nxg2 26. Kxg2 Ng6 27. Kg1 Nh4 28. Be2 f3
29. Nxf3 gxf3 30. Bxf3 Qg6+ 31. Ng3 Nxf3+ 32. Qxf3 Bg4 33. Qg2 Bh3 34. Qf3 Bg4
35. Qd3 Rf8 36. a5 Bd8 37. a6 b6 38. c4 Rh3 39. Qf1 Rh4 40. Rc3 Rf7 41. Bc1 Rfh7
42. Qg2 Bh3 43. Qf3 Be7 44. b4 Bg4 45. Qg2 Bh3 46. Qf3 Rf7 47. Qd3 Bg4 48. Qf1
Rf3 49. Ree3 Rxe3 50. Bxe3 Qh7 51. f3 Bc8 52. c5 Rh3 53. Qg2 Bh4 54. Nf1 Qh5 55.
cxd6 Rxf3 56. Rxc7 {Black resigns} 1-0

[Event "Team 45 45 League T49"]
[Site "Internet Chess Club"]
[Date "2011.06.17"]
[Round "5"]
[White "RedAttack"]
[Black "baumhauer"]
[Result "1-0"]
[WhiteElo "1914"]
[BlackElo "1843"]
[Opening "Queen's Indian: 4.Nc3"]
[ECO "E12"]
[Time "14:33:45"]
[TimeControl "2700+45"]

1. d4 Nf6 2. Nf3 e6 3. c4 b6 4. Nc3 Bb4 5. Bd2 Bb7 6. g3 O-O 7. Bg2 Re8 8. O-O
Qc8 9. Qc2 a5 10. Bg5 Be7 11. e4 h6 12. Bf4 d6 13. Rae1 Nbd7 14. e5 Nh7 15. d5
Ndf8 16. Nb5 g5 17. exd6 cxd6 18. Bxd6 Bxd5 19. Rc1 Bc6 20. Qe2 Ng6 21. Rfd1 Bd8
22. Nbd4 Bb7 23. c5 e5 24. Qb5 Nf6 25. cxb6 Qg4 26. Nxe5 {Black resigns} 1-0

[Event "Team 45 45 League T49"]
[Site "Internet Chess Club"]
[Date "2011.06.12"]
[Round "5"]
[White "qlwqznzn"]
[Black "Woss"]
[Result "0-1"]
[WhiteElo "2360"]
[BlackElo "2251"]
[Opening "Sicilian: modern Scheveningen, main line with Nb3"]
[ECO "B58"]
[Time "09:00:52"]
[TimeControl "2700+45"]

1. e4 c5 2. Nf3 d6 3. d4 cxd4 4. Nxd4 Nf6 5. Nc3 Nc6 6. Be2 e6 7. O-O Be7 8. Be3
O-O 9. f4 Bd7 10. Nb3 a6 11. a4 Qc7 12. Bf3 b6 13. g4 Bc8 14. g5 Nd7 15. Bg2 Re8
16. Qh5 g6 17. Qh4 Bf8 18. Rf3 Bg7 19. Raf1 f5 20. exf5 gxf5 21. Rh3 Nf8 22. Qf2
Rb8 23. Rd1 Ng6 24. Nd4 Nxd4 25. Bxd4 Bxd4 26. Rxd4 Bb7 27. Bxb7 Rxb7 28. Rhd3
d5 29. Re3 Re7 30. h4 Qc5 31. Red3 Rf7 32. b4 Qd6 33. b5 a5 34. Ne2 Rfc7 35. c4
Rc5 36. Nc3 Rbc7 37. h5 Nf8 38. Ne2 Rxc4 39. Qe3 Qc5 40. Qe5 Rxd4 41. Rxd4 Qe7
42. Rd2 Rc4 43. Nd4 Rxa4 44. h6 Rc4 45. Nxf5 Qc7 46. Nd6 Rc1+ 47. Kg2 Qc3 48.
Qxc3 Rxc3 49. f5 exf5 50. Rxd5 a4 51. Nxf5 a3 52. Rd8 Kf7 53. Ra8 Ng6 54. Nd6+
Ke6 55. Ne4 Rc2+ 56. Kf3 Ne5+ 57. Ke3 a2 58. Kd4 Rc4+ 59. Ke3 Rc2 60. Kd4 Nc4
61. Ra4 Na5 62. Kd3 Rg2 63. Nc3 Nb3 64. g6 hxg6 65. h7 Rh2 66. Re4+ Kf5 67. Re2
Nc1+ {White resigns} 0-1

[Event "Team 45 45 League T49"]
[Site "Internet Chess Club"]
[Date "2011.06.09"]
[Round "5"]
[White "Barbus"]
[Black "BigPun21"]
[Result "0-1"]
[WhiteElo "1990"]
[BlackElo "2184"]
[Opening "Two knights defense (Modern bishop's opening)"]
[ECO "C55"]
[Time "13:00:10"]
[TimeControl "2700+45"]

1. e4 e5 2. Nf3 Nc6 3. Bc4 Nf6 4. d3 h6 5. O-O d6 6. c3 g6 7. Re1 Bg7 8. Nbd2
O-O 9. Nf1 Bd7 10. Ng3 Na5 11. Bb3 c5 12. Bc2 Qc7 13. Be3 Rac8 14. Rc1 b5 15. d4
Nc4 16. b3 Nxe3 17. fxe3 cxd4 18. cxd4 Qa5 19. Bb1 Rxc1 20. Qxc1 Rc8 21. Qb2 Qc3
22. Qxc3 Rxc3 23. dxe5 dxe5 24. Nxe5 Bc8 25. Rd1 Ng4 26. Nxg4 Bxg4 27. Re1 Be5
28. Kf2 a5 29. h3 Bc8 30. Ne2 Rc7 31. Nd4 b4 32. Bd3 h5 33. Bc4 a4 34. Ke2 a3
35. Rc1 Bb7 36. Kd3 Kg7 37. Rc2 Kf6 38. Bd5 Ba6+ 39. Bc4 Bb7 40. Bb5 h4 41. Rxc7
Bxc7 42. Nc2 Ke5 43. Ke2 Bxe4 44. Ne1 g5 45. Bd3 Bd5 46. Bc2 f5 47. Kf2 Kf6 48.
Nf3 Bb6 49. Ke2 Bc5 50. Bb1 Kg6 51. Ne5+ Kh6 52. Nf3 Kh5 53. Nd4 Bxd4 54. exd4
g4 55. Kf2 g3+ 56. Kg1 Kg5 57. Kf1 Kf4 58. Bc2 Ke3 59. Bxf5 Bxb3 60. Bb1 Bc4+
61. Ke1 Bd3 62. d5 Bxb1 63. d6 Bf5 64. Kd1 Kf2 65. Kd2 Kxg2 66. Ke3 Kxh3 67. Kf4
Bd7 68. Ke5 g2 69. Kf6 g1=Q 70. Ke7 Qd4 71. Kd8 Bg4 72. Kc7 Qxd6+ 73. Kxd6 Kg2
74. Kc5 Be6 75. Kxb4 Bxa2 76. Kxa3 h3 77. Kb2 h2 78. Ka3 h1=Q 79. Kb2 Kg3 80.
Kc3 Kg4 81. Kd4 Kg5 82. Ke5 Kg6 83. Kd4 Kg7 84. Kc3 Kg8 85. Kd4 Bf7 86. Kc3 Be8
87. Kd4 Kf8 88. Ke5 Ke7 89. Kd4 Bf7 90. Ke5 Bg8 91. Kd4 Bh7 92. Kc5 Ke6 93. Kd4
Qh4+ 94. Ke3 Ke5 95. Kf3 Bg8 96. Ke2 Ke4 97. Kd2 Qg3 98. Kc2 Qe3 99. Kb2 Bh7
100. Kc2 Kd4+ 101. Kb2 Kc4 102. Ka2 Bg8 103. Kb2 Qb3+ 104. Kc1 Qh3 105. Kd2 Kd4
106. Ke2 Ke4 107. Kf2 Kf4 108. Ke2 Qe3+ 109. Kf1 Qd2 110. Kg1 Kg3 111. Kf1 Qf2#
{White checkmated} 0-1

[Event "Team 45 45 League T49"]
[Site "Internet Chess Club"]
[Date "2011.06.13"]
[Round "5"]
[White "procyk"]
[Black "egyptiantiger"]
[Result "0-1"]
[WhiteElo "2133"]
[BlackElo "2094"]
[Opening "King's Indian: Four pawns attack"]
[ECO "E76"]
[Time "17:12:53"]
[TimeControl "2700+45"]

1. d4 Nf6 2. c4 g6 3. Nc3 Bg7 4. e4 d6 5. f4 O-O 6. Nf3 Na6 7. e5 Ng4 8. Be2 c5
9. h3 cxd4 10. Nb5 Ne3 11. Bxe3 dxe3 12. exd6 Qa5+ 13. Kf1 exd6 14. Qb3 Re8 15.
Nxd6 Re7 16. g4 Nc5 17. Qc2 Qc7 18. Rd1 Bd7 19. f5 Bc6 20. g5 gxf5 21. Nxf5 Re6
22. Nxg7 Qg3 23. Nxe6 Qf2# {White checkmated} 0-1

[Event "Team 45 45 League T49"]
[Site "Internet Chess Club"]
[Date "2011.06.14"]
[Round "5"]
[White "Stryker672"]
[Black "robertoalvarez"]
[Result "1-0"]
[WhiteElo "1983"]
[BlackElo "1961"]
[Opening "French: Winawer, advance, Bogolyubov variation"]
[ECO "C17"]
[Time "14:30:21"]
[TimeControl "2700+45"]

1. e4 e6 2. d4 d5 3. Nc3 Bb4 4. e5 c5 5. Bd2 Nh6 6. Nb5 Bxd2+ 7. Qxd2 O-O 8. f4
Nc6 9. dxc5 f6 10. Nf3 fxe5 11. fxe5 Ng4 12. O-O-O Ncxe5 13. Nxe5 Nxe5 14. Be2
b6 15. Qe3 Nf7 16. Rhf1 bxc5 17. Qxc5 a6 18. Nd4 Bd7 19. Kb1 Rc8 20. Qa3 a5 21.
Bg4 Re8 22. Rde1 e5 23. Nf5 Be6 24. Qg3 Qd7 25. Nxg7 Bxg4 26. Nxe8 Rxe8 27. h3
e4 28. Rf4 Ne5 29. hxg4 a4 30. Ref1 Nc4 31. Qc3 e3 32. Re1 Qe6 33. Rf5 h6 34.
Qd4 Rb8 35. Rf6 Qd7 36. Rg6+ Kh7 37. Rxh6+ Kxh6 38. Qf6+ Kh7 39. Rh1+ Kg8 40.
Rh8# {Black checkmated} 1-0

[Event "Team 45 45 League T49"]
[Site "Internet Chess Club"]
[Date "2011.06.09"]
[Round "5"]
[White "misuc56"]
[Black "powerchess1"]
[Result "1-0"]
[WhiteElo "1889"]
[BlackElo "1678"]
[Opening "Dutch defense"]
[ECO "A40"]
[Time "18:30:25"]
[TimeControl "2700+45"]

1. d4 e6 2. c4 f5 3. e3 Nf6 4. h3 b6 5. Nc3 Bb7 6. Nf3 Bb4 7. Be2 Ne4 8. Bd2
Bxc3 9. Bxc3 O-O 10. O-O d6 11. Rc1 Nd7 12. Nd2 Ndf6 13. Nxe4 Nxe4 14. Be1 Qf6
15. f3 Ng5 16. h4 Nf7 17. f4 c5 18. Bf3 Bxf3 19. Rxf3 Nh6 20. Rh3 Ng4 21. Bc3
Qf7 22. b3 Rad8 23. Qe2 Nf6 24. dxc5 dxc5 25. Rg3 g6 26. h5 Ne4 27. hxg6 hxg6
28. Rh3 Nxc3 29. Rxc3 Qf6 30. Rc1 Kg7 31. Rd1 Rxd1+ 32. Qxd1 Rd8 33. Qf3 Rd7 34.
Qa8 Rd1+ 35. Kh2 e5 36. Qh8+ Kf7 37. Rh7+ Ke6 38. Qe8+ {Black resigns} 1-0

[Event "Team 45 45 League T49"]
[Site "Internet Chess Club"]
[Date "2011.06.10"]
[Round "5"]
[White "redboot"]
[Black "lookatall65sqas"]
[Result "1-0"]
[WhiteElo "1648"]
[BlackElo "1525"]
[Opening "French: King's Indian attack"]
[ECO "C00"]
[Time "19:00:26"]
[TimeControl "2700+45"]

1. e4 e6 2. d3 d5 3. Nd2 Nf6 4. Ngf3 c5 5. g3 Nc6 6. Bg2 dxe4 7. dxe4 Nd4 8. O-O
Be7 9. Re1 Nxf3+ 10. Qxf3 e5 11. Nc4 Bg4 12. Qc3 Qd4 13. Qb3 Be6 14. Qxb7 O-O
15. Ne3 Qb4 16. Qxb4 cxb4 17. Nd5 Bxd5 18. exd5 Bd6 19. Be3 Rfc8 20. Rac1 a5 21.
c4 bxc3 22. bxc3 Rab8 23. c4 Rb2 24. c5 Bf8 25. d6 Rxa2 26. Rb1 Ra4 27. Bb7 Rb8
28. Red1 Rb4 29. Rxb4 axb4 30. c6 {Black resigns} 1-0

[Event "Team 45 45 League T49"]
[Site "Internet Chess Club"]
[Date "2011.06.11"]
[Round "5"]
[White "Chess64655"]
[Black "julesraider"]
[Result "1-0"]
[WhiteElo "1633"]
[BlackElo "1519"]
[Opening "French defense"]
[ECO "C00"]
[Time "13:06:23"]
[TimeControl "2700+45"]

1. e4 e6 2. Nf3 d5 3. exd5 exd5 4. d4 c6 5. Nc3 Bg4 6. Be2 Bd6 7. Ne5 Bxe2 8.
Qxe2 Ne7 9. O-O O-O 10. Bd2 Nd7 11. f4 Nf5 12. Qg4 g6 13. Rad1 f6 14. Nxg6 hxg6
15. Qxg6+ Ng7 16. Rde1 Rf7 17. f5 Nf8 18. Qg4 Qc7 19. g3 Re7 20. Ne2 Rae8 21.
Bh6 Re4 22. Qf3 Qe7 23. Rf2 c5 24. c3 cxd4 25. Qd3 Bc5 26. Kf1 Kh7 27. Bxg7 Qxg7
28. Rd1 Re3 29. Qd2 Qg4 30. cxd4 Qh3+ 31. Kg1 Bd6 32. Nf4 {Black forfeits on
time} 1-0

[Event "Team 45 45 League T49"]
[Site "Internet Chess Club"]
[Date "2011.06.14"]
[Round "5"]
[White "JohLeb"]
[Black "DrOMM"]
[Result "1-0"]
[WhiteElo "1490"]
[BlackElo "1312"]
[Opening "Modern defense"]
[ECO "A40"]
[Time "15:12:20"]
[TimeControl "2700+45"]

1. d4 g6 2. c4 Bg7 3. Nc3 c5 4. Nf3 cxd4 5. Nxd4 Nc6 6. e3 e6 7. g3 Qb6 8. Nce2
Nge7 9. Bg2 Qb4+ 10. Qd2 Qxc4 11. b3 Qb4 12. Qxb4 Nxb4 13. O-O Nec6 14. Ba3 a5
15. Bb2 O-O 16. a3 Nc2 17. Rad1 a4 18. b4 b6 19. Rd2 N2xd4 20. Nxd4 Bb7 21. Nxc6
Bxc6 22. Bxg7 Kxg7 23. Bxc6 dxc6 24. Rc1 Rac8 25. Rd6 c5 26. Rxb6 cxb4 27. Rxc8
Rxc8 28. Rxb4 Ra8 29. e4 Kf6 30. f4 Ra7 31. g4 Ke7 32. Kf2 Kd6 33. Ke3 Kc5 34.
h4 f6 35. e5 fxe5 36. fxe5 Kd5 37. Rb5+ Kc4 38. Rb8 Ra5 39. Kf4 Rb5 40. Rxb5
Kxb5 41. Kg5 Kc4 42. Kf6 Kb3 43. Kxe6 Kxa3 44. Kd7 Kb3 45. e6 a3 46. e7 a2 47.
e8=Q a1=Q 48. Qb8+ Kc4 49. Qc7+ Kd3 50. Qg3+ Ke4 51. Ke6 Qa6+ 52. Kf7 Qb7+ 53.
Kg8 Qd7 54. Qg2+ Kf4 55. g5 Ke5 56. Qh2+ Ke4 57. Qb2 Qh3 58. Qb7+ Kf4 59. Qxh7
Qc8+ 60. Kg7 Qd7+ 61. Kxg6 Qf5+ 62. Kh6 Qf8+ 63. Qg7 Qd6+ 64. g6 Kg4 65. Kh7
Kxh4 66. Qh6+ Kg4 67. g7 Qd3+ 68. Qg6+ Qxg6+ 69. Kxg6 {Black resigns} 1-0

[Event "Team 45 45 League T49"]
[Site "Internet Chess Club"]
[Date "2011.06.11"]
[Round "5"]
[White "katikus"]
[Black "JFlamer"]
[Result "1-0"]
[WhiteElo "1719"]
[BlackElo "1783"]
[Opening "Alekhine's defense: exchange variation"]
[ECO "B03"]
[Time "18:01:17"]
[TimeControl "2700+45"]

1. e4 Nf6 2. e5 Nd5 3. d4 d6 4. c4 Nb6 5. exd6 exd6 6. h3 Nc6 7. Nf3 g6 8. Be3
Bg7 9. Nc3 Bf5 10. Bd3 Bxd3 11. Qxd3 d5 12. cxd5 Nxd5 13. Qe4+ Nde7 14. O-O O-O
15. d5 Nb8 16. Bg5 f6 17. Bf4 Nd7 18. Rad1 Nf5 19. d6 c6 20. Rfe1 Re8 21. Qc4+
Kh8 22. g4 Nh6 23. Rxe8+ Qxe8 24. Re1 Ne5 25. Bxe5 fxe5 26. Ng5 Rd8 27. Nce4 Qg8
28. Qxg8+ Kxg8 29. Rd1 Nf7 30. d7 Nxg5 31. Nxg5 Bf6 32. Ne6 Kf7 33. Nxd8+ Bxd8
34. Kf1 Ke6 35. Ke2 {Black resigns} 1-0

[Event "Team 45 45 League T49"]
[Site "Internet Chess Club"]
[Date "2011.06.12"]
[Round "5"]
[White "Zugzwanged"]
[Black "AVEMARIA"]
[Result "0-1"]
[WhiteElo "1592"]
[BlackElo "1739"]
[Opening "French: Tarrasch, closed variation"]
[ECO "C05"]
[Time "15:00:51"]
[TimeControl "2700+45"]

1. e4 e6 2. d4 d5 3. Nd2 Nf6 4. e5 Nfd7 5. Bd3 c5 6. c3 Nc6 7. Ngf3 Qb6 8. O-O
cxd4 9. cxd4 Nxd4 10. Nxd4 Qxd4 11. Nf3 Qb6 12. Qa4 Be7 13. Qg4 g6 14. b3 a6 15.
Bh6 Qd8 16. Bg7 Rg8 17. Bh6 b5 18. Ng5 Nxe5 19. Qf4 Bxg5 20. Bxg5 Nxd3 21. Qh4
Qd6 22. Qxh7 Qf8 23. Qh3 Nc5 24. Qc3 Bd7 25. f3 Qd6 26. Rac1 Rc8 27. Be3 Nb7 28.
Qxc8+ Bxc8 29. Rxc8+ Nd8 30. Bg5 Kd7 31. Rfc1 Rh8 32. g3 Re8 33. Bf6 e5 34. Bg5
Ne6 35. Rxe8 Kxe8 36. Rc8+ Kd7 {White resigns} 0-1

[Event "Team 45 45 League T49"]
[Site "Internet Chess Club"]
[Date "2011.06.12"]
[Round "5"]
[White "losscause"]
[Black "plutonas"]
[Result "1-0"]
[WhiteElo "1611"]
[BlackElo "1402"]
[Opening "Queen's Indian defense"]
[ECO "A47"]
[Time "16:30:15"]
[TimeControl "2700+45"]

1. d4 Nf6 2. Nf3 b6 3. Bf4 Bb7 4. e3 g6 5. h3 Bg7 6. Bd3 O-O 7. Nbd2 d6 8. Qe2
Nbd7 9. e4 Re8 10. c3 e5 11. dxe5 dxe5 12. Bg5 Nc5 13. Bc2 Ne6 14. Qe3 Nxg5 15.
Qxg5 Nh5 16. h4 Bf6 17. Qh6 Bg7 18. Qg5 h6 19. Qxd8 Raxd8 20. O-O-O Nf4 21. Nc4
f6 22. g3 Ne6 23. Rxd8 Rxd8 24. Nfd2 Nc5 25. Re1 Nd3+ 26. Bxd3 Rxd3 27. Re3 Rxe3
28. Nxe3 b5 29. a3 a5 30. Kc2 a4 31. Kd3 Bf8 32. b4 axb3 33. Nxb3 Bxa3 34. c4 b4
35. Nc5 Bc8 36. Nd5 c6 37. Ne7+ Kf7 38. Nxc8 Ke8 39. Nb6 Kd8 40. Kc2 Kc7 41.
Nba4 h5 42. Nd3 Kd6 43. Kb3 Ke6 44. f3 f5 45. Nac5+ Kd6 46. exf5 gxf5 47. Kc2
b3+ 48. Nxb3 Ke6 49. Kd2 Kd6 50. Kc3 Ke6 51. Nd2 Be7 52. Kb3 Kd6 53. Ka4 Bf8 54.
Ka5 Bh6 55. Nf1 e4 56. fxe4 fxe4 57. c5+ Kd5 58. Nf4+ Kxc5 59. Ne3 Kd6 60. Nf5+
Ke5 61. Nxh6 e3 62. Kb4 Kd4 63. Nf5+ Ke4 64. Nxe3 Kxe3 65. Kc5 Kf3 66. Nxh5 Kg4
67. Kxc6 Kxh5 68. Kd5 Kg4 69. Ke5 Kh5 70. Kf4 Kg6 71. g4 {Black resigns} 1-0

[Event "Team 45 45 League T49"]
[Site "Internet Chess Club"]
[Date "2011.06.12"]
[Round "5"]
[White "Just-Jim"]
[Black "alaskauk"]
[Result "1/2-1/2"]
[WhiteElo "1400"]
[BlackElo "1474"]
[Opening "Dresden opening"]
[ECO "C20"]
[Time "16:00:25"]
[TimeControl "2700+45"]

1. e4 e5 2. c4 Nc6 3. Nf3 Bb4 4. a3 Be7 5. d3 d6 6. h3 Nf6 7. Nc3 O-O 8. Be2 Bd7
9. Be3 a6 10. O-O Qc8 11. Nh2 Nd4 12. Bxd4 exd4 13. Nd5 Nxd5 14. cxd5 c5 15. f4
f6 16. f5 Be8 17. Bh5 Bf7 18. Be2 Kh8 19. Rf3 Rg8 20. Rg3 Qe8 21. Nf1 g6 22.
fxg6 Bxg6 23. Rf3 Qf7 24. Rf4 Rg7 25. Bg4 Qf8 26. Kh1 Rg8 27. Ng3 Qg7 28. Qf3
Raf8 29. Nf5 Bxf5 30. Bxf5 Qg3 31. Rg4 Rxg4 32. Bxg4 Qxf3 33. gxf3 h6 34. Re1 b6
35. f4 Bd8 36. Kg2 Kg7 37. e5 fxe5 38. fxe5 Re8 39. e6 Re7 40. Rf1 Bc7 41. Rf2
Bb8 42. Kf1 Bc7 43. Ke2 Bd8 44. Kd2 a5 45. Kc2 Bc7 46. Kb3 Bd8 47. Kc4 Bc7 48.
Bd1 Kg8 49. b4 axb4 50. axb4 Rg7 51. bxc5 bxc5 52. Rf6 Kh7 53. Bg4 Bd8 54. Bf5+
Kg8 55. Rxh6 Bg5 56. Rg6 Rxg6 57. Bxg6 Kf8 58. Kb3 Ke7 59. Kc2 Kf6 60. Be4 Ke5
61. Kd1 Kf4 62. Ke2 Kg3 63. Bf5 Be7 64. Kd2 Bg5+ 65. Kc2 Be7 66. Kb3 Kf4 67. Be4
Kg3 68. Bf5 Kf4 69. Bg4 Ke5 70. Kc4 Bh4 71. Bf3 Kf4 72. Be4 Ke5 73. Kb5 Kf6 74.
Kc6 Ke7 75. Kc7 Bg5 {Game drawn by mutual agreement} 1/2-1/2

[Event "Team 45 45 League T49"]
[Site "Internet Chess Club"]
[Date "2011.06.12"]
[Round "5"]
[White "SlimeDog2"]
[Black "Epcot"]
[Result "1-0"]
[WhiteElo "2091"]
[BlackElo "1844"]
[Opening "Nimzo-Indian: classical variation"]
[ECO "E32"]
[Time "22:06:50"]
[TimeControl "2700+45"]

1. d4 Nf6 2. c4 e6 3. Nc3 Bb4 4. Qc2 O-O 5. Bg5 c5 6. dxc5 h6 7. Bd2 Na6 8. a3
Bxc3 9. Bxc3 Nxc5 10. f3 d5 11. cxd5 exd5 12. Bxf6 Qxf6 13. Qxc5 Qxb2 14. Rd1
Be6 15. Qb4 Qe5 16. f4 Qe3 17. Nf3 Rac8 18. g3 Rc2 19. Qd4 Qxa3 20. Kf2 Rfc8 21.
Bg2 R8c4 22. Qd3 R4c3 23. Qb5 Bg4 24. Qxd5 Re3 25. Rd2 Bxf3 26. Bxf3 Rxf3+ 27.
exf3 {Black resigns} 1-0

[Event "Team 45 45 League T49"]
[Site "Internet Chess Club"]
[Date "2011.06.09"]
[Round "5"]
[White "CamLeslie"]
[Black "chsrules88"]
[Result "1-0"]
[WhiteElo "1958"]
[BlackElo "1962"]
[Opening "Scotch gambit"]
[ECO "C44"]
[Time "14:59:22"]
[TimeControl "2700+45"]

1. e4 e5 2. Nf3 Nc6 3. d4 exd4 4. Bc4 Bb4+ 5. c3 Ba5 6. O-O d6 7. Qb3 Qe7 8.
cxd4 Bb6 9. Nc3 Nxd4 10. Nxd4 Bxd4 11. Nd5 Qd8 12. Bg5 f6 13. Rad1 Bc5 14. Bf4
g5 15. Bxg5 fxg5 16. Qc3 Be6 17. Qxh8 c6 18. Nc7+ Qxc7 19. Bxe6 Ke7 20. Qxh7+
{Black resigns} 1-0

[Event "Team 45 45 League T49"]
[Site "Internet Chess Club"]
[Date "2011.06.12"]
[Round "5"]
[White "LobowolfXXX"]
[Black "Camden772"]
[Result "1-0"]
[WhiteElo "1882"]
[BlackElo "1813"]
[Opening "French: King's Indian attack"]
[ECO "C00"]
[Time "23:00:07"]
[TimeControl "2700+45"]

1. e4 e6 2. d3 d5 3. Qe2 Be7 4. Nf3 Nf6 5. g3 O-O 6. Bg2 c5 7. O-O Nc6 8. Nc3 d4
9. Nb1 Qc7 10. Nbd2 b6 11. h3 Nd7 12. Nh2 e5 13. f4 Bb7 14. f5 g5 15. Ndf3 h6
16. h4 f6 17. Kf2 Rf7 18. Rh1 Nf8 19. Bd2 Re8 20. Ng4 Rh7 21. hxg5 hxg5 22. Rxh7
Nxh7 23. Rh1 Bd8 24. Nh6+ Kf8 25. Qd1 Re7 26. c3 dxc3 27. Qb3 Rg7 28. bxc3 Qd7
29. Bf1 Ba6 30. Ne1 Qd6 31. Qa4 Bb7 32. Ng4 a6 33. Rh6 b5 34. Qc2 Rd7 35. Be3
Na5 36. Nf3 Qc7 37. Rg6 Rg7 38. a3 Be7 39. Nh6 c4 40. Qa2 Bd8 41. Ng4 Bc6 42.
Bc5+ Be7 43. Bb4 Be8 44. Rh6 Nb3 45. Nxf6 Bxb4 46. axb4 Qb6+ 47. Kg2 Nxf6 48.
dxc4 Nc1 49. Qc2 bxc4 50. Qxc1 Bc6 51. Rxf6+ Kg8 52. Bxc4+ {Black resigns} 1-0